 Dungeon Crawl Stone Soup version 0.31-a0-188-g5e087ee2ca (webtiles) character file.

Game seed: 16758606946949264270

615 qw the Skirmisher (level 7, -4/40 HPs)
             Began as a Deep Elf Hunter on June 23, 2023.
             Slain by Prince Ribbit (15 damage)
             ... on level 5 of the Dungeon.
             The game lasted 00:01:14 (3075 turns).

qw the Skirmisher (Deep Elf Hunter)                 Turns: 3075, Time: 00:01:15

Health: -4/40      AC: 10    Str: 16    XL:     7   Next: 21%
Magic:  9/9        EV: 12    Int: 17    God:
Gold:   116        SH:  0    Dex: 18    Spells: 6/6 levels left

rFire   . . .        Y - +0 orcbow
rCold   + . .        (shield currently unavailable)
rNeg    . . .        h - +0 ring mail
rPois   .            a - +2 helmet {Int+3}
rElec   .            (no cloak)
rCorr   .            d - +0 pair of gloves
SInv    .            b - +0 pair of boots
Will    .....        (no amulet)
Stlth   +            g - ring of protection from cold
HPRegen 0.26/turn    l - +6 ring of strength
MPRegen 0.11/turn

%: no passive effects
@: no status effects
A: no striking features
a: no special abilities


You were on level 5 of the Dungeon.
You visited 1 branch of the dungeon, and saw 5 of its levels.

You collected 203 gold pieces.
You spent 87 gold pieces at shops.


   Skills:
 - Level 2.4 Fighting
 + Level 10.3 Ranged Weapons
 - Level 1.1 Armour
 - Level 3.9 Dodging
 - Level 1.2 Stealth


You had 6 spell levels left.
You didn't know any spells.
Your spell library was empty.

Inventory:

Hand Weapons
 Y - a +0 orcbow (weapon)
Armour
 a - a +2 helmet of intelligence (worn)
 b - a +0 pair of boots (worn)
 d - a +0 pair of gloves (worn)
 h - a +0 ring mail (worn)
Jewellery
 g - a ring of protection from cold (left hand)
 l - a +6 ring of strength (right hand)
Wands
 j - a wand of digging (1)
Scrolls
 e - a scroll of identify
 k - a scroll of teleportation
Potions
 c - a potion of mutation
 f - 2 potions of heal wounds
 i - a potion of curing

Dungeon Overview and Level Annotations

Branches:
Dungeon (5/15)
 Temple: D:4-7

Altars:
Cheibriados
Yredelemnul

Shops:
D:1 :   D:3 *

Annotations:
D:5 Prince Ribbit


Message History

Enter note:
Enter note: You see here 4 stones.
Found a stone staircase leading down.
Enter note:
Enter note:
Enter note:
Found a stone.
Enter note:
Enter note:
Enter note: You now have 116 gold pieces (gained 11).
Found a throwing net.
You see here 2 potions of lignification.
Enter note:
Enter note:
Enter note: Prince Ribbit comes into view.
Enter note:
Enter note:
Enter note: You shoot an arrow.
The arrow hits Prince Ribbit.
Prince Ribbit croaks.
Prince Ribbit is lightly wounded.
Prince Ribbit blinks!
You shoot an arrow. The arrow hits Prince Ribbit.
Prince Ribbit is moderately wounded.
You shoot an arrow. The arrow hits Prince Ribbit.
Prince Ribbit is moderately wounded.
Prince Ribbit hits you! Prince Ribbit barely misses you.
You shoot an arrow. The arrow misses Prince Ribbit.
Prince Ribbit barely misses you.
You shoot an arrow. The arrow closely misses Prince Ribbit.
Prince Ribbit hits you but does no damage.
Prince Ribbit barely misses you.
You shoot an arrow. The arrow misses Prince Ribbit.
Prince Ribbit hits you.
You shoot an arrow. The arrow barely misses Prince Ribbit.
Prince Ribbit hits you! x2
You die...

############### #.
#..#........... #.
#...#####...(# #.
##.## #.#### #. ##.#
#.# # #. #..# #.# #
######. #.## #.# #
.......####.#######.#
# #.F@......>.....# #
#.#####.######### # #
#.####### # #.......#
# #######.# # #.####
# #....### #.......
#....###


You could see Prince Ribbit.

Vanquished Creatures
  A black bear (D:5)
  An ogre (D:5)
  Blork the orc (D:4)
  A howler monkey (D:4)
  3 jellies (D:5)
  A hound (D:5)
  2 iguanas (D:4)
  3 gnolls (D:4)
  6 adders
  An ufetubus (D:5)
  A dart slug (D:4)
  2 worms
  2 orcs
  5 endoplasms
  A giant cockroach (D:3)
  6 goblins
  9 hobgoblins
  7 jackals
  2 quokkas
  7 ball pythons
  7 bats
  10 frilled lizards
  3 kobolds
  3 rats
85 creatures vanquished.

Notes
Turn   | Place    | Note
-------+----------+-------------------------------------------
     0 | D:1      | qw the Deep Elf Hunter began the quest for the Orb.
     0 | D:1      | Reached XP level 1. HP: 12/12 MP: 3/3
     0 | D:1      | 0 ||| qw: Version: 0.3-a-9-g12657ce
     0 | D:1      | 0 ||| qw: Game counter: 3498
     0 | D:1      | 0 ||| qw: Always use a shield: true
     0 | D:1      | 0 ||| qw: God list: Okawaru
     0 | D:1      | 0 ||| qw: Allow faded altars: false
     0 | D:1      | 0 ||| qw: Do Orc after D:15 true
     0 | D:1      | 0 ||| qw: Do second Lair branch before Depths: true
     0 | D:1      | 0 ||| qw: Lair rune preference: random
     0 | D:1      | 0 ||| qw: Plans: Normal
     0 | D:1      | 0 ||| PLANNING D:1-11
   227 | D:1      | Reached XP level 2. HP: 16/16 MP: 4/4
   235 | D:1      | Reached skill level 6 in Ranged Weapons
   671 | D:1      | Found Piduwam's Book Emporium.
   755 | D:1      | 755 ||| UPGRADING to +0 ring mail.
   765 | D:1      | 765 ||| DROPPING +0 leather armour.
   766 | D:1      | 766 ||| UPGRADING to ring of protection from cold.
   767 | D:1      | 767 ||| READING 3 scrolls labelled JOESTELUDI.
   768 | D:1      | 768 ||| READING 2 scrolls labelled YGGA EH LEUBEP.
   769 | D:1      | 769 ||| DROPPING 2 scrolls of fog.
   770 | D:1      | 770 ||| DROPPING scroll of butterflies.
   850 | D:2      | Reached XP level 3. HP: 20/20 MP: 5/5
   909 | D:2      | Reached skill level 7 in Ranged Weapons
  1085 | D:2      | Reached XP level 4. HP: 21/25 MP: 6/6
  1429 | D:2      | Found a faded altar of an unknown god.
  1555 | D:2      | 1555 ||| UPGRADING to +0 pair of boots.
  1560 | D:2      | 1560 ||| DROPPING scarf of invisibility.
  1561 | D:2      | 1561 ||| READING scroll labelled HAITWO NIMNY.
  1562 | D:2      | 1562 ||| READING scroll labelled QUUSIY XOEFO.
  1608 | D:2      | 1608 ||| READING scroll labelled CAKAJE IHENUGH.
  1609 | D:2      | 1609 ||| READING scroll labelled MAPLOK ASCHEU.
  1610 | D:2      | 1610 ||| READING 3 scrolls of identify.
  1610 | D:2      | 1610 ||| IDENTIFYING ruby potion
  1611 | D:2      | 1611 ||| READING 2 scrolls of identify.
  1611 | D:2      | 1611 ||| IDENTIFYING fizzy amethyst potion
  1741 | D:3      | Found Dunify's General Store.
  1747 | D:3      | 1747 ||| BUYING +0 orcbow (38 gold).
  1747 | D:3      | Bought a +0 orcbow for 38 gold pieces
  1747 | D:3      | 1747 ||| BUYING +0 pair of gloves (49 gold).
  1747 | D:3      | Bought a +0 pair of gloves for 49 gold pieces
  1747 | D:3      | 1747 ||| SHOPLISTING 3 scrolls of teleportation (99 gold,
                  | have 20).
  1747 | D:3      | 1747 ||| SWAPPING to +0 orcbow.
  1748 | D:3      | 1748 ||| DROPPING +0 shortbow of chaos.
  1903 | D:3      | Reached skill level 8 in Ranged Weapons
  2129 | D:3      | 2129 ||| UPGRADING to +0 pair of gloves.
  2134 | D:3      | 2134 ||| UPGRADING to +6 ring of strength.
  2135 | D:3      | 2135 ||| READING scroll labelled QINIM YCEXIV.
  2135 | D:3      | Identified a scroll of acquirement
  2135 | D:3      | 2135 ||| ACQUIRING +2 helmet of intelligence
  2135 | D:3      | Acquired a +2 helmet of intelligence
  2137 | D:3      | 2137 ||| UPGRADING to +2 helmet of intelligence.
  2142 | D:3      | 2142 ||| DRINKING 4 fizzy yellow potions.
  2189 | D:3      | 2189 ||| READING 3 scrolls of identify.
  2189 | D:3      | 2189 ||| IDENTIFYING golden potion
  2190 | D:3      | 2190 ||| READING 2 scrolls of identify.
  2190 | D:3      | 2190 ||| IDENTIFYING murky emerald potion
  2191 | D:3      | 2191 ||| DROPPING 3 potions of lignification.
  2192 | D:3      | 2192 ||| DROPPING potion of degeneration.
  2226 | D:4      | Reached XP level 5. HP: 21/29 MP: 7/7
  2313 | D:4      | Reached skill level 9 in Ranged Weapons
  2342 | D:4      | Reached skill level 1 in Armour
  2589 | D:4      | Noticed Blork the orc
  2596 | D:4      | Killed Blork the orc
  2597 | D:4      | Reached XP level 6. HP: 36/36 MP: 8/8
  2611 | D:4      | Found a snail-covered altar of Cheibriados.
  2729 | D:4      | Found a basalt altar of Yredelemnul.
  2794 | D:4      | 2794 ||| READING scroll labelled KYRUAZXULENA.
  2795 | D:4      | 2795 ||| READING scroll labelled ERCHUE XUOT.
  2799 | D:4      | 2799 ||| READING scroll labelled KIPOFI PAMMIT.
  2814 | D:5      | Entered Level 5 of the Dungeon
  2820 | D:5      | Reached skill level 3 in Dodging
  2849 | D:5      | Reached XP level 7. HP: 40/40 MP: 9/9
  2852 | D:5      | Reached skill level 10 in Ranged Weapons
  3068 | D:5      | Noticed Prince Ribbit
  3075 | D:5      | Slain by Prince Ribbit

Levels and vault maps discovered:
D:1:      minmay_arrival_jagged, layout_loops_ring, serial_shops,
          nicolae_shop_pleasant_corner_grove, minivault_26
D:2:      layout_loops_cross, dreamdust_ecumenical_altar_hidden_monk_grotto,
          minivault_19, minmay_pentomino_p4
D:3:      layout_basic, serial_shops, nicolae_shop_trees
D:4:      layout_cave_pools, old_standard_altar, lemuel_coloured_pillars_altar,
          minmay_misc_feat_enclosed, uniq_blork_the_orc
D:5:      layout_loops_ring, kennysheep_dice, uniq_prince_ribbit1

Skill      XL: |  1  2  3  4  5  6  7 |
---------------+----------------------+-----
Ranged Weapons | 6 7 8 9 10 | 10.3
Armour         | 1 |  1.1
Fighting       | 2 |  2.4
Dodging        | 3 |  3.9
Stealth        | |  1.2

Action                     |  1- 3 |  4- 6 |  7- 9 || total
---------------------------+-------+-------+-------++-------
   Fire: Shortbow          |    95 |    26 |       ||   121
         Orcbow            |       |   107 |    17 ||   124
    Use: Scroll            |     2 |    12 |       ||    14
         Potion            |       |     1 |       ||     1
 Armour: Ring mail         |     9 |    15 |     1 ||    25
         Leather armour    |     2 |       |       ||     2
  Dodge: Dodged            |    24 |    17 |     3 ||    44

Table legend:
 A = Non-vault XP
 B = Vault XP
 C = Vault XP percentage of total XP
 D = Non-vault monster count
 E = Vault monster count
 F = Vault count percentage of total count
                 A         B        C        D         E       F
            +---------+---------+-------+---------+---------+-------
      Total |     766 |     113 |  12.9 |      80 |       5 |   5.9
            +---------+---------+-------+---------+---------+-------
        D:1 |      34 |       0 |   0.0 |      23 |       0 |   0.0
        D:2 |      61 |      22 |  26.5 |      17 |       4 |  19.0
        D:3 |      54 |       0 |   0.0 |      16 |       0 |   0.0
        D:4 |     193 |      91 |  32.0 |      15 |       1 |   6.2
        D:5 |     424 |       0 |   0.0 |       9 |       0 |   0.0
            +---------+---------+-------+---------+---------+-------
